AoeStats
← SticksTricks

Arabia

507391864Analyzed
2v2 RM · 14d ago on Sep 18, 2026· 46m 25s· 4 players
Game mode
Random Map
Map size
Medium (4 player)
Population
200
Speed
Normal
Resources
Standard
Victory
Conquest
Starting age
Dark Age
Ending age
Imperial Age
RankedLock teamsTeams togetherTeam positionsShared explorationLock speedFull tech treeHidden civsTurbo modeCheats
Victory
Defeat
🇭🇳 Japanese · Honduras
1118
+13
🇭🇳 Burgundians · Honduras
1016
+17
🇨🇴 Goths · Colombia
1046
-15
🇨🇴 Lithuanians · Colombia
1046
-15
nandeque
6:32 Loom
9:15 Feudal Age
9:44 Double-Bit Axe
22:26 Castle Age
20:24 Fletching
20:36 Horse Collar
21:57 Forging
22:29 Pikeman
23:10 Squires
23:16 Scale Mail Armor
27:04 Padded Archer Armor
27:02 Arson
27:53 Town Watch
30:18 Leather Archer Armor
36:33 Iron Casting
41:16 Imperial Age
gustavoacostar1991
1:53 Loom
11:16 Feudal Age
28:39 Wheelbarrow
28:47 Horse Collar
39:50 Castle Age
SticksTricks
5:50 Loom
10:16 Feudal Age
10:52 Double-Bit Axe
17:49 Castle Age
16:53 Bow Saw
18:14 Cavalier
19:04 Scale Barding Armor
19:11 Forging
19:15 Horse Collar
22:09 Husbandry
22:59 Gold Mining
23:01 Stone Mining
27:41 Heavy Plow
28:52 Iron Casting
29:28 Gold Shaft Mining
43:19 Chain Barding Armor
47:45 Imperial Age
45:56 Wheelbarrow
45:07 Town Watch
Rhamlock
6:27 Loom
9:47 Feudal Age
10:17 Man-at-Arms
12:17 Arson
23:41 Scale Mail Armor
26:22 Forging
32:57 Horse Collar
33:05 Double-Bit Axe
37:01 Castle Age
37:06 Long Swordsman
37:33 Gambesons
38:27 Squires
42:58 Pikeman
44:31 Bow Saw
46:20 Chain Mail Armor
47:22 Iron Casting
Connection lost

Rejoining the realm…

Still unreachable

The connection could not be restored.

Session expired

The server has moved on; the page needs a fresh start.